 Dungeon Crawl Stone Soup version 0.29.1-1-gd02db69 (webtiles) character file.

Game seed: 13290946987740175673

28 Timinator the Insei (level 2, 0/34 HPs)
             Began as a Demigod Transmuter on Jan 20, 2023.
             Slain by Sigmund
             ... wielding a +0 scythe
              (7 damage)
             ... on level 2 of the Dungeon.
             The game lasted 00:03:55 (1593 turns).

Timinator the Insei (Demigod Transmuter)            Turns: 1593, Time: 00:03:56

Health: 0/34       AC: 21    Str: 11    XL:     2   Next: 78%
Magic:  5/7        EV:  2    Int: 15    God:
Gold:   55         SH:  0    Dex: 14    Spells: 2/5 levels left

rFire   . . .      SeeInvis .     - Unarmed
rCold   . . .      Faith    .   (no shield)
rNeg    . . .      Spirit   .   (body armour currently unavailable)
rPois   +          Reflect  .   (helmet currently unavailable)
rElec   .          Harm     .   (cloak currently unavailable)
rCorr   .          Rampage  .   (gloves currently unavailable)
Will    .....      NoTele   +   (boots currently unavailable)
Stlth   +.........              (no amulet)
HPRegen 0.11/turn               (no ring)
MPRegen 0.10/turn               (no ring)

@: tree-form
A: stationary, stasis, torment immunity, boosted hp, high MP 1, forlorn, divine
attributes
a: no special abilities


You were on level 2 of the Dungeon.
You were a tree.
You visited 1 branch of the dungeon, and saw 2 of its levels.

You collected 55 gold pieces.

Inventory:

Armour
 a - a +0 robe (melded)
 d - a +0 ring mail
Scrolls
 e - a scroll of magic mapping {unknown}
 f - a scroll of identify {unknown}
 h - a scroll of enchant weapon {unknown}
 j - a scroll of poison {unknown}
 l - a scroll of teleportation {unknown}
Potions
 g - a potion of attraction {unknown}
 i - a potion of cancellation {unknown}
 k - a potion of flight {unknown}
 m - a potion of brilliance {unknown}
 n - a potion of haste {unknown}


   Skills:
 + Level 1.1 Fighting
 + Level 0.3 Armour
 + Level 2.0 Dodging
 * Level 3.1 Unarmed Combat
 * Level 2.2 Spellcasting
 + Level 1.9 Transmutations


You had 2 spell levels left.
You knew the following spells:

 Your Spells              Type           Power      Damage    Failure   Level
a - Beastly Appendage     Tmut           14%        N/A       10%         1
b - Wereblood             Tmut           7%         N/A       14%         2

Your spell library contained the following spells:

 Spells                   Type           Power      Damage    Failure   Level
 Spider Form              Tmut/Pois      4%         N/A       41%         3
 Ice Form                 Ice/Tmut       4%         N/A       82%         4


Dungeon Overview and Level Annotations

Branches:
Dungeon (2/15)

Annotations:
D:2 Sigmund


Innate Abilities, Weirdness & Mutations

You are a tree.
Your roots penetrate the ground, keeping you stationary.
You cannot be teleported.
You are immune to unholy pain and torment.
Your maximum health is greatly increased.
Your equipment is partially melded.
You have an increased reservoir of magic. (+10% MP)
You shall have no god before yourself.
Your divine heritage dramatically boosts your attributes as you level up.


Message History

Sigmund is severely wounded.
You barely miss Sigmund.
Sigmund is severely wounded.
Your transformation is almost over.
Sigmund misses you.
You hit Sigmund but do no damage. Your headbutt misses Sigmund.
Sigmund is severely wounded.
Sigmund hits you with a +0 scythe.
You hit Sigmund but do no damage. Your kick misses Sigmund.
Sigmund is severely wounded.
You barely miss Sigmund. Your kick misses Sigmund.
Sigmund is severely wounded.
Sigmund gestures at you while chanting. The magic dart hits you.
You hit Sigmund. Your kick misses Sigmund. You headbutt Sigmund.
Sigmund is severely wounded.
Sigmund barely misses you.
You hit Sigmund but do no damage. You claw Sigmund, but do no damage.
Sigmund is severely wounded.
Your magical contamination has completely faded away.
You closely miss Sigmund. Your kick misses Sigmund.
Your headbutt misses Sigmund.
Sigmund is severely wounded.
Sigmund closely misses you.
You hit Sigmund. Your kick misses Sigmund.
Sigmund is almost dead.
Sigmund points at you and mumbles some strange words.
The magic dart hits you!
* * * LOW HITPOINT WARNING * * *
Really quaff the potion of lignification?
Your horns disappear.
Your talons disappear.
You turn into a tree.
Your +0 robe melds into your body.
Your roots penetrate the ground.
Sigmund giggles. "Time to reap what you sow."
Sigmund gestures at you while chanting.
The magic dart hits you but does no damage.
You hit Sigmund.
Sigmund is almost dead.
Sigmund hits you with a +0 scythe!
You die...

........###........
##.####..##........
#.#...............
#.#.#.####........
#.#.#+# #........
#.#.# #........
###.#.# #........
##.@...# ######..#
#..#♣### ##.)
#.#### ### #@# #
#.# # .#######.# #
.........# #
.#######.# # #.# #
#.# #


You could see Sigmund.

Vanquished Creatures
  2 ball pythons
  An endoplasm (D:1)
  A giant cockroach (D:1)
  3 hobgoblins (D:1)
  3 jackals (D:1)
  2 quokkas (D:1)
  A bat (D:1)
  2 frilled lizards
  4 goblins
  4 kobolds
  2 rats
25 creatures vanquished.

Notes
Turn   | Place    | Note
-------+----------+-------------------------------------------
     0 | D:1      | Timinator the Demigod Transmuter began the quest for the
                  | Orb.
     0 | D:1      | Reached XP level 1. HP: 15/15 MP: 5/5
   284 | D:1      | Reached skill level 1 in Fighting
   451 | D:1      | Reached XP level 2. HP: 23/23 MP: 4/7
   456 | D:1      | Learned a level 2 spell: Wereblood
   713 | D:1      | Reached skill level 3 in Unarmed Combat
  1561 | D:2      | Noticed Sigmund
  1593 | D:2      | Slain by Sigmund

Illustrated notes

Levels and vault maps discovered:
D:1:      minmay_arrival_shoal_huts, layout_basic,
          hellmonk_ecumenical_altar_crossroads, chequers_serial_rivers_micro_b,
          nicolae_concentric_dashed_squares_wild, minmay_distorted
D:2:      minmay_chambers_of_twos, layout_rooms, hex_intersection,
          minmay_tetromino_i2, uniq_sigmund

Skill      XL: |  1  2 |
---------------+-------+-----
Fighting       | 1 |  1.1
Spellcasting   | 2 |  2.2
Unarmed Combat | 3 |  3.1
Dodging        | 2 |  2.0
Armour         | |  0.3
Transmutations | |  1.9

Action                   || total
-------------------------++-------
Melee: Unarmed           ||    91
       Kick              ||    14
       Headbutt          ||    11
       Punch             ||     1
Throw: Dart              ||     3
 Cast: Beastly Appendage ||    17
       Wereblood         ||     1
  Use: Potion            ||     1
Armor: Robe              ||     8
       Skin              ||     1
Dodge: Dodged            ||    56
